 Dungeon Crawl Stone Soup version 0.24-a0-57-gac335f2 (console) character file.

Game seed: 1728716258788997279

100 Duffy the Sneak (level 4, -24/36 HPs)
             Began as a Naga Enchanter on Feb 4, 2019.
             Annihilated by an ogre
             ... wielding a +0 giant club
              (30 damage)
             ... on level 4 of the Dungeon.
             The game lasted 00:02:50 (2128 turns).

Duffy the Sneak (Naga Enchanter)                    Turns: 2128, Time: 00:02:51

Health: -24/36     AC:  2    Str: 11    XL:     4   Next: 74%
Magic:  1/8        EV: 10    Int: 16    God:
Gold:   70         SH:  0    Dex: 11    Spells: 2/8 levels left

rFire    . . .     SeeInvis +   a - +1 dagger
rCold    . . .     Gourm    .   (no shield)
rNeg     . . .     Faith    .   b - +0 robe
rPois    +         Spirit   .   (no helmet)
rElec    .         Reflect  .   (no cloak)
rCorr    .         Harm     .   (no gloves)
MR       .....                  (no barding)
Stlth    +++.......             (no amulet)
HPRegen  0.12/turn              (no ring)
MPRegen  0.11/turn              (no ring)

@: very slightly contaminated, very slow
A: large, see invisible, deformed body, poison resistance, slowness 2, slow
metabolism 1, spit poison 1, AC +1
a: Spit Poison


You were on level 4 of the Dungeon.
You were hungry.

You visited 1 branch of the dungeon, and saw 4 of its levels.

You collected 70 gold pieces.

Inventory:

Hand Weapons
 a - a +1 dagger (weapon)
Armour
 b - a +0 robe (worn)
Scrolls
 e - 2 scrolls of identify {unknown}
 f - a scroll of amnesia {unknown}
 i - a scroll of remove curse {unknown}
 k - 2 scrolls of enchant armour {unknown}
 l - 2 scrolls of fear {unknown}
Potions
 c - 3 potions of lignification {unknown}
 g - a potion of haste {unknown}
 h - a potion of resistance {unknown}
 j - a potion of might {unknown}
Comestibles
 d - 3 rations
 m - a chunk of flesh


   Skills:
 + Level 2.3 Short Blades
 - Level 1.5 Dodging
 + Level 5.5 Stealth
 + Level 2.8 Spellcasting
 + Level 3.6 Hexes


You had 2 spell levels left.
You knew the following spells:

 Your Spells              Type           Power        Failure   Level  Hunger
c - Corona                Hex            ##.....      4%          1    #......
h - Ensorcelled Hibernat  Hex/Ice        #.....       14%         2    ##.....
j - Confuse               Hex            ##......     13%         3    ###....

Your spell library contained the following spells:

 Spells                   Type           Power        Failure   Level  Hunger
 Tukima's Dance           Hex            ##......     13%         3    ###....
 Dazzling Spray           Conj/Hex       #.....       26%         3    ###....


Dungeon Overview and Level Annotations

Branches:
Dungeon (4/15)
 Temple: D:4-7

Altars:
Yredelemnul


Innate Abilities, Weirdness & Mutations

You cannot wear boots.
Your serpentine skin is tough. (AC +1)
You have supernaturally acute eyesight. (SInv)
Armour fits poorly on your strangely shaped body.
Your system is resistant to poisons. (rPois)
You cover ground very slowly.
You have a slow metabolism.
You can spit poison.


Message History

Aiming: Ensorcelled Hibernation (safe; 14% risk of failure)
Press: ? - help, Shift-Dir - straight line, f/p - ogre
Aim: an ogre, wielding a +0 giant club (moderately wounded, poisoned, chance to defeat MR: 39%)
The ogre resists with some effort.
The ogre closely misses you.
The ogre looks more healthy.
Press: ? - help, Shift-Dir - straight line, f/p - ogre
Aim: an ogre, wielding a +0 giant club (moderately wounded)
The splash of poison hits the ogre.
The ogre is poisoned.
The ogre is heavily wounded.
You feel slightly more hungry. The ogre barely misses you.
The ogre hits you with a +0 giant club. The ogre misses you.
You have got your breath back.
Press: ? - help, Shift-Dir - straight line, f/p - ogre
Aim: an ogre, wielding a +0 giant club (severely wounded, poisoned)
The splash of poison misses the ogre.
You feel slightly more hungry.
The ogre looks more healthy.
The ogre hits you with a +0 giant club!
You have got your breath back.
The ogre hits you with a +0 giant club!!
Ouch! That really hurt!
You die...

##### #....# #....#
.######### #....#
.........# #....# #.
.........# #....#
.#.........#####....####
............#...O........
#.#.........##.##@...###
#.#.#+####..##.#.......#
......#..................
....................#..##
.......................#
....#.......####.#.....#
........................
###.#.###.#..#.#.#.....)
.##.#####.##.# #.####.#.


You could see an ogre.

Vanquished Creatures
  An iguana (D:4)
  A worker ant (D:4)
  An ooze (D:1)
  A dart slug (D:1)
  2 leopard geckos (D:1)
  A bat (D:1)
  5 goblins (D:1)
  3 hobgoblins (D:1)
  10 jackals
  6 kobolds
  3 frilled lizards
  3 rats (D:1)
37 creatures vanquished.

Vanquished Creatures (others)
  A kobold (D:1)
1 creature vanquished.

Grand Total: 38 creatures vanquished

Notes
Turn   | Place    | Note
-------+----------+-------------------------------------------
     0 | D:1      | Duffy the Naga Enchanter began the quest for the Orb.
     0 | D:1      | Reached XP level 1. HP: 15/15 MP: 3/3
   264 | D:1      | Reached XP level 2. HP: 22/22 MP: 3/5
   435 | D:1      | HP: 1/22 [jackal (3)]
   694 | D:1      | Reached XP level 3. HP: 14/28 MP: 2/6
   720 | D:1      | Learned a level 2 spell: Ensorcelled Hibernation
   724 | D:1      | Learned a level 3 spell: Confuse
   822 | D:1      | Reached skill level 5 in Stealth
  1900 | D:4      | Reached XP level 4. HP: 36/36 MP: 4/8
  1936 | D:4      | Found a basalt altar of Yredelemnul.
  2108 | D:4      | Noticed an ogre
  2128 | D:4      | Annihilated by an ogre

Vault maps used:
D:1:      lightli_iron_boxes, serial_bayou_ford_a, lemuel_another_geyser
D:2:      grunt_gozag_breadcrumbs
D:3:      serial_rivers, chequers_serial_rivers_room_a,
          chequers_serial_rivers_micro_a, chequers_serial_rivers_small_b,
          chequers_serial_rivers_small_3, chequers_serial_rivers_micro_e
D:4:      yredelemnul_altar_generic, marbit_many_paths, minitemple,
          minmay_temple_entry_statues_fountains

Skill      XL: |  1  2  3 |
---------------+----------+-----
Stealth        | 5 |  5.5
Short Blades   | 2 |  2.3
Dodging        | |  1.5
Spellcasting   | |  2.8
Hexes          | |  3.6

Action                   |  1- 3 |  4- 6 || total
-------------------------+-------+-------++-------
Melee: Dagger            |    77 |     1 ||    78
 Cast: Corona            |    21 |       ||    21
       Ensorcelled Hiber |    13 |     5 ||    18
 Abil: Spit Poison       |    28 |     4 ||    32
 Stab: Sleeping          |     5 |     1 ||     6
  Eat: Chunk             |     3 |     2 ||     5
Armor: Robe              |    14 |       ||    14
Dodge: Dodged            |    65 |     3 ||    68

Table legend:
 A = Non-vault XP
 B = Vault XP
 C = Vault XP percentage of total XP
 D = Non-vault monster count
 E = Vault monster count
 F = Vault count percentage of total count
                 A         B        C        D         E       F
            +---------+---------+-------+---------+---------+-------
      Total |     144 |       0 |   0.0 |      37 |       0 |   0.0
            +---------+---------+-------+---------+---------+-------
        D:1 |      59 |       0 |   0.0 |      28 |       0 |   0.0
        D:2 |      12 |       0 |   0.0 |       6 |       0 |   0.0
        D:4 |      73 |       0 |   0.0 |       3 |       0 |   0.0
            +---------+---------+-------+---------+---------+-------
